 Dungeon Sprint DCSS version 0.31-a0-590-g8a5a4361df (webtiles) character file.

Game seed: 9059310397284271898

1821 dialectric the Bludgeoner (level 8, -5/132 HPs)
             Began as a Minotaur Berserker on Aug 17, 2023.
             Was an Elder of Trog.
             Slain by a hornet (13 damage)
             ... while paralysed by a hornet
             ... in the Dungeon (Sprint I: "Red Sonja") on Aug 19, 2023.
             The game lasted 00:02:24 (810 turns).

dialectric the Bludgeoner (Minotaur Berserker)       Turns: 810, Time: 00:02:26

Health: -5/132     AC:  2    Str: 24    XL:     8   Next: 85%
Magic:  7/7        EV:  2    Int:  4    God:    Trog [****..]
Gold:   553        SH:  0    Dex: 10    Spells: 7/7 levels left

rFire   . . .        a - +0 mace
rCold   . . .        (no shield)
rNeg    . . .        b - +0 animal skin
rPois   .            (helmet restricted)
rElec   .            (no cloak)
rCorr   .            (no gloves)
SInv    .            (no boots)
Will    .....        (no amulet) Stlth
                     (no ring)
HPRegen 0.42/turn    (no ring)
MPRegen 0.10/turn

%: no teleportation
@: paralysed, berserking
A: horns 2, retaliatory headbutt
a: Renounce Religion, Berserk, Trog's Hand, Brothers in Arms


You were in the Dungeon.
You worshipped Trog.
Trog was greatly pleased with you.
You visited 1 branch You collected 655 gold pieces.
You spent 102 gold pieces at shops.

Inventory:

Hand Weapons
 a - a +0 mace (weapon)
Missiles
 g - 2 curare-tipped darts
Armour
 b - a +0 animal skin (worn)
 l - a +0 cloak
Scrolls
 h - a scroll of blinking
 i - a scroll of identify {unknown}
 j - a scroll of fear
 k - a scroll of immolation {unknown}
 m - a scroll of vulnerability {unknown}
Potions
 c - a potion of curing
 d - a potion of heal wounds
 e - a potion of haste
 f - 2 potions of magic


   Skills:
 + Level 13.9 Fighting
 + Level 15.1 Maces & Flails
 + Level 6.9 Armour
 * Level 9.8 Dodging
 - Level 2.4 Unarmed Combat
 + Level 0.7 Evocations


You had 7 spell levels left.
You didn't know any spells.
Your spell library was empty.

Dungeon Overview and Level Annotations

Branches:
Dungeon (1/1)

Altars:
Cheibriados
Dithmenos
Elyvilon
Fedhas
Gozag
Hepliaklqana
Kikubaaqudgha
Makhleb
Nemelex Xobeh
Okawaru
Qazlal
Ru
Sif Muna
Trog
Uskayaw
Vehumet
Wu Jian
Xom
Yredelemnul
Zin
The Shining One
Jiyva
Lugonu

Shops:
D ?:[


Innate Abilities, Weirdness & Mutations

You have a pair of horns on your head.
You reflexively headbutt those who attack you in melee.


Message History

A hornet comes into view.
There is an open door here.
You enter the shallow water.
Moving in this stuff is going to be slow.
The hornet buzzes angrily.
The centaur warrior shouts!
The centaur warrior wields a +0 orcbow.
The centaur warrior shoots an arrow.
The arrow hits you!
The centaur warrior completely misses you.
The centaur warrior misses you. The centaur warrior hits you.
The centaur warrior misses you.
The centaur warrior shoots an arrow.
The arrow hits you!!
The centaur warrior unwields a +0 orcbow.
The centaur warrior barely misses you. The centaur warrior kicks you.
The centaur warrior hits you. The centaur warrior closely misses you.
The hornet barely misses you. The centaur warrior hits you!
The centaur warrior kicks you but does no damage.
The centaur warrior closely misses you. You furiously retaliate!
You headbutt the centaur warrior! The centaur warrior kicks you.
A red film seems to cover your vision as you go berserk!
You feel yourself moving faster!
You feel mighty! The hornet stings you!
* * * LOW HITPOINT WARNING * * *
You suddenly lose the ability to move!
The centaur warrior hits you!
* * * LOW HITPOINT WARNING * * *
The centaur warrior kicks you.
* * * LOW HITPOINT WARNING * * *
The centaur warrior hits you.
* * * LOW HITPOINT WARNING * * *
The centaur warrior kicks you.
* * * LOW HITPOINT WARNING * * *
The hornet stings you.
* * * LOW HITPOINT WARNING * * *
You shrug off the repeated paralysis!
The centaur warrior hits you.
* * * LOW HITPOINT WARNING * * *
The centaur warrior kicks you.
* * * LOW HITPOINT WARNING * * *
The centaur warrior hits you.
* * * LOW HITPOINT WARNING * * *
The centaur warrior barely misses you. The hornet stings you!
You die...

#######################
#..†).#..'..#__#..)...#
').#..').#..'..'..#)..#
#####'#####'#__####...+
####..#...#(####§§#####
#__####..##.#§~§§§#§$#
#_____##'#_.+§§§cy§§.#
#_.∩...÷..._#§§§@c#
#_..__##_.#'##§####
#_____###'#.#.§§(###
#########.####'###.##
.......'...'.....'.∩#
++++####...##########
##.## #+#


You could see 2 centaur warriors and a hornet.

Vanquished Creatures
  A deep troll (D)
  2 kobold demonologists (D)
  A slime creature (D)
  Sigmund (D)
  A yak (D)
  A floating eye (D)
  A sky beast (D)
  An ogre (D)
  A jelly (D)
  Ijyb (D)
11 creatures vanquished.

Notes
Turn   | Place    | Note
-------+----------+-------------------------------------------
     0 | D        | dialectric the Minotaur Berserker began the quest for the
                  | Orb.
     0 | D        | Reached XP level 1. HP: 19/19 MP: 0/0
     1 | D        | Noticed Ijyb
    21 | D        | Killed Ijyb
    22 | D        | Reached skill level 5 in Fighting
    22 | D        | Reached skill level 5 in Maces & Flails
    22 | D        | Reached XP level 2. HP: 7/29 MP: 1/1
   115 | D        | Noticed an ogre
   116 | D        | an ogre changed into a sky beast
   116 | D        | Noticed a sky beast
   126 | D        | Killed a sky beast
   127 | D        | Reached skill level 7 in Maces & Flails
   127 | D        | Reached skill level 1 in Unarmed Combat
   127 | D        | Reached XP level 3. HP: 14/40 MP: 2/2
   127 | D        | Reached XP level 4. HP: 17/48 MP: 3/3
   242 | D        | Noticed Sigmund
   257 | D        | Killed Sigmund
   257 | D        | Reached ** piety under Trog
   258 | D        | Reached skill level 9 in Maces & Flails
   258 | D        | Reached skill level 5 in Armour
   258 | D        | Reached skill level 5 in Dodging
   258 | D        | Reached XP level 5. HP: 25/57 MP: 4/4
   258 | D        | Reached XP level 6. HP: 29/64 MP: 5/5
   378 | D        | Found a shimmering blue altar of Sif Muna.
   379 | D        | Found an ornate altar of the Wu Jian Council.
   380 | D        | Found a radiant altar of Vehumet.
   387 | D        | Reached skill level 10 in Maces & Flails
   403 | D        | Found Gupu Nuj's Book Emporium.
   403 | D        | Found an ancient bone altar of Kikubaaqudgha.
   403 | D        | Found a hazy altar of Hepliaklqana.
   403 | D        | Found a stormy altar of Qazlal.
   403 | D        | Found a hide-covered altar of Uskayaw.
   403 | D        | Found a blossoming altar of Fedhas.
   403 | D        | Found a bloodstained altar of Trog.
   403 | D        | Found an iron altar of Okawaru.
   403 | D        | Found a basalt altar of Yredelemnul.
   403 | D        | Found a glowing golden altar of the Shining One.
   403 | D        | Found a snail-covered altar of Cheibriados.
   403 | D        | Found a sacrificial altar of Ru.
   403 | D        | Found a glowing silver altar of Zin.
   403 | D        | Found a shadowy altar of Dithmenos.
   403 | D        | Found a white marble altar of Elyvilon.
   403 | D        | Noticed a yak
   406 | D        | Killed a yak
   407 | D        | Reached skill level 10 in Fighting
   407 | D        | Reached skill level 11 in Maces & Flails
   407 | D        | Found an opulent altar of Gozag.
   408 | D        | Found a sparkling altar of Nemelex Xobeh.
   434 | D        | Found a burning altar of Makhleb.
   434 | D        | Found a viscous altar of Jiyva.
   434 | D        | Found a shimmering altar of Xom.
   434 | D        | Found a corrupted altar of Lugonu.
   434 | D        | Noticed a slime creature
   446 | D        | Killed a slime creature
   447 | D        | Reached skill level 12 in Maces & Flails
   447 | D        | Reached XP level 7. HP: 10/74 MP: 6/6
   660 | D        | Noticed a kobold demonologist
   661 | D        | Noticed a kobold demonologist
   667 | D        | Noticed an orange demon
   667 | D        | Killed a kobold demonologist
   667 | D        | Reached *** piety under Trog
   668 | D        | Reached skill level 13 in Maces & Flails
   668 | D        | Noticed a red devil
   673 | D        | Killed a kobold demonologist
   673 | D        | Reached **** piety under Trog
   674 | D        | Reached skill level 14 in Maces & Flails
   674 | D        | Reached XP level 8. HP: 85/85 MP: 7/7
   715 | D        | Noticed Sonja
   717 | D        | Sonja changed into Sonja the ogre
   717 | D        | Noticed Sonja
   724 | D        | Killed Sonja the ogre
   743 | D        | Found Feugreatt's Magic Scroll Boutique.
   751 | D        | Bought a scroll of fear for 44 gold pieces
   763 | D        | Noticed a deep troll
   769 | D        | Killed a deep troll
   770 | D        | Reached skill level 15 in Maces & Flails
   780 | D        | Found Bijim's Armour Emporium.
   785 | D        | Bought a +0 cloak for 58 gold pieces
   797 | D        | Upgraded the game from 0.31-a0-564-g3b7de120b3 to
                  | 0.31-a0-590-g8a5a4361df
   800 | D        | Noticed a centaur warrior
   802 | D        | Noticed a centaur warrior
   807 | D        | Noticed a hornet
   809 | D        | Paralysed by a hornet for 3 turns
   810 | D        | Slain by a hornet

Illustrated notes

Levels and vault maps discovered:
D:        dungeon_sprint_1 [red_sonja_temple_1, red_sonja_temple_small_1]

Skill      XL: |  1  2  3  4  5  6  7  8 |
---------------+-------------------------+-----
Fighting       | 5 7 9 11 12 13 | 13.9
Maces & Flails | 5 7 9 12 14 15 | 15.1
Armour         | 3 4 5 6 |  6.9
Dodging        | 3 4 5 6 8 9 |  9.8
Unarmed Combat | 1 2 |  2.4
Evocations     | |  0.7

Action                     |  1- 3 |  4- 6 |  7- 9 || total
---------------------------+-------+-------+-------++-------
  Melee: Unarmed           |    16 |       |       ||    16
         Mace              |    10 |    24 |    21 ||    55
         Headbutt          |       |     3 |     7 ||    10
 Invoke: Berserk           |     1 |     2 |     3 ||     6
  Evoke: Wand              |     1 |       |     1 ||     2
    Use: Potion            |     1 |       |       ||     1
 Armour: Animal skin       |     1 |     2 |     1 ||     4
  Dodge: Dodged            |     9 |    11 |    18 ||    38

Table legend: (Time is in decaauts)
 A = Elapsed time spent in this place.
 B = Non-inter-level travel time spent in this place.
 C = Inter-level travel time spent in this place.
 D = Time resting spent in this place.
 E = Time spent auto-exploring this place.
 F = Levels seen in this place.
 G = Mean time per level.
                   A        B        C        D        E       F      G
               +--------+--------+--------+--------+--------+-----+--------+
         Total |    858 |    858 |      0 |    566 |      2 |   1 |  858.0 |
       Dungeon |    858 |    858 |      0 |    566 |      2 |   1 |  858.0 |
               +--------+--------+--------+--------+--------+-----+--------+

Top non-repeatable levels by time:
       D: 858 daAuts
